 Dungeon Crawl Stone Soup version 0.29-a0-876-gfc89b1a5bd (webtiles) character file.

Game seed: 10964534598167396602

14 IdlyInterested the Trooper (level 2, 0/24 HPs)
             Began as a Demonspawn Fighter on July 19, 2022.
             Frozen to death by an endoplasm (2 damage)
             ... on level 1 of the Dungeon.
             The game lasted 00:02:01 (192 turns).

IdlyInterested the Trooper (Demonspawn Fighter)      Turns: 192, Time: 00:02:01

Health: 0/24       AC:  6    Str: 16    XL:     2   Next: 31%
Magic:  2/2        EV:  8    Int:  9    God:
Gold:   14         SH:  4    Dex: 12    Spells: 1/1 levels left

rFire   . . .      SeeInvis .   (no weapon)
rCold   . . .      Faith    .   c - +0 buckler
rNeg    . . .      Spirit   .   b - +0 scale mail
rPois   .          Reflect  .   (no helmet)
rElec   .          Harm     .   (no cloak)
rCorr   .          Rampage  .   (no gloves)
Will    .....                   (no boots)
Stlth   ..........              (no amulet)
HPRegen 0.08/turn               (no ring)
MPRegen 0.08/turn               (no ring)

@: no status effects
A: demonic touch 1
a: no special abilities


You were on level 1 of the Dungeon.
You visited 1 branch of the dungeon, and saw 1 of its levels.

You collected 14 gold pieces.

Inventory:

Hand Weapons
 a - a +0 war axe
Armour
 b - a +0 scale mail (worn)
 c - a +0 buckler (worn)
Potions
 d - a potion of might
 e - a potion of curing {unknown}


   Skills:
 + Level 3.1 Fighting
 + Level 2.1 Axes
 - Level 2.6 Armour
 + Level 0.5 Stealth
 * Level 3.0 Shields
 * Level 0.1 Unarmed Combat


You had one spell level left.
You didn't know any spells.
Your spell library contained the following spells:

 Spells                   Type           Power      Damage    Failure   Level
 Borgnjor's Revivificati  Necr           0%         N/A       100%        8
 Necromutation            Tmut/Necr      0%         N/A       100%        8
 Death's Door             Necr           0%         N/A       100%        9


Dungeon Overview and Level Annotations

Branches:
Dungeon (1/15)

Altars:


Innate Abilities, Weirdness & Mutations

Your touch may inflict minor irresistible damage on your foes.


Message History

The kobold is moderately wounded.
The kobold barely misses you. The hobgoblin closely misses you.
You hit the kobold but do no damage.
The kobold is moderately wounded.
You block the kobold's attack. The hobgoblin hits you.
* * * LOW HITPOINT WARNING * * *
You hit the kobold.
You kill the kobold!
The hobgoblin barely misses you.
Your Shields skill increases to level 3!
You hit the endoplasm but do no damage. The endoplasm barely misses you.
The hobgoblin hits you.
* * * LOW HITPOINT WARNING * * *
You hit the endoplasm.
The endoplasm is severely wounded.
The endoplasm freezes you.
You are frozen.
* * * LOW HITPOINT WARNING * * *
The hobgoblin hits you but does no damage.
You hit the endoplasm.
The endoplasm is almost dead.
The endoplasm hits you but does no damage.
The hobgoblin barely misses you.
You hit the endoplasm but do no damage.
The endoplasm is almost dead.
The endoplasm barely misses you. You block the hobgoblin's attack.
You hit the endoplasm.
You kill the endoplasm!
The hobgoblin hits you but does no damage.
You hit the endoplasm.
The endoplasm is heavily wounded.
The hobgoblin hits you but does no damage.
You block the endoplasm's attack. The hobgoblin barely misses you.
You block the endoplasm's attack.
You completely miss the endoplasm.
The endoplasm is heavily wounded.
The hobgoblin closely misses you. The endoplasm freezes you.
You are frozen.
You die...

....##....##.#..
.##.###..........
#..............
#.....#........
##.......##$....
##....†#####..#..
#b..............#
##.##g#.............
#....@#......###..#
......##J....#......#
.#...###....######..#
...#......††###
#..#### ..
#####......####......
. #.####.....#.....
.......>..........
###.######.........
#.........


You could see an endoplasm, a hobgoblin and a bat.

Vanquished Creatures
  A dart slug (D:1)
  A bat (D:1)
  3 endoplasms (D:1)
  A goblin (D:1)
  A hobgoblin (D:1)
  A quokka (D:1)
  A ball python (D:1)
  A kobold (D:1)
  A rat (D:1)
11 creatures vanquished.

Notes
Turn   | Place    | Note
-------+----------+-------------------------------------------
     0 | D:1      | IdlyInterested the Demonspawn Fighter began the quest for
                  | the Orb.
     0 | D:1      | Reached XP level 1. HP: 18/18 MP: 1/1
    87 | D:1      | Gained mutation: Your touch may inflict minor irresistible
                  | damage on your foes. [demonic ancestry]
    87 | D:1      | Reached XP level 2. HP: 20/24 MP: 2/2
   187 | D:1      | HP: 1/24 [frozen (3)]
   192 | D:1      | Frozen to death by an endoplasm

Illustrated notes

Levels and vault maps discovered:
D:1:      dpeg_arrival_tiny_j, layout_rooms,
          hellmonk_ecumenical_altar_prayer_group, minmay_misc_feat_four_crosses

Skill      XL: |  1  2 |
---------------+-------+-----
Axes           | 2 |  2.1
Shields        | 3 |  3.0
Fighting       | |  3.1
Armour         | |  2.6
Stealth        | |  0.5
Unarmed Combat | |  0.1

Action                   || total
-------------------------++-------
Melee: War axe           ||     9
       Unarmed           ||    34
Armor: Scale mail        ||    33
Dodge: Dodged            ||    33
Block: Buckler           ||    21

Table legend: (Time is in decaauts)
 A = Elapsed time spent in this place.
 B = Non-inter-level travel time spent in this place.
 C = Inter-level travel time spent in this place.
 D = Time resting spent in this place.
 E = Time spent auto-exploring this place.
 F = Levels seen in this place.
 G = Mean time per level.
                   A        B        C        D        E       F      G
               +--------+--------+--------+--------+--------+-----+--------+
         Total |    196 |    196 |      0 |      0 |     88 |   1 |  196.0 |
       Dungeon |    196 |    196 |      0 |      0 |     88 |   1 |  196.0 |
               +--------+--------+--------+--------+--------+-----+--------+

Top non-repeatable levels by time:
     D:1: 196 daAuts
